 Dungeon Crawl Stone Soup version 0.27-a0-860-gaf99fae3ca (webtiles) character file.

Game seed: 6804307274296101021

3 spiderkeys the Sneak (level 1, 0/10 HPs)
             Began as a Kobold Enchanter on Apr 2, 2021.
             Slain by a jackal (1 damage)
             ... on level 1 of the Dungeon.
             The game lasted 00:00:32 (148 turns).

spiderkeys the Sneak (Kobold Enchanter)              Turns: 148, Time: 00:00:33

Health: 0/10       AC:  2    Str:  5    XL:     1   Next: 55%
Magic:  2/3        EV: 15    Int: 16    God:
Gold:   0          SH:  0    Dex: 15    Spells: 3/4 levels left

rFire    . . .     SeeInvis .   a - +1 dagger
rCold    . . .     Faith    .   (shield restricted)
rNeg     . . .     Spirit   .   b - +0 robe
rPois    .         Reflect  .   (no helmet)
rElec    .         Harm     .   (no cloak)
rCorr    .         Rampage  .   (no gloves)
Will     .....                  (no boots)
Stlth    ++++......             (no amulet)
HPRegen  0.03/turn              (no ring)
MPRegen  0.08/turn              (no ring)

@: no status effects
A: small, no large weapons, nightstalker 3
a: no special abilities


You were on level 1 of the Dungeon.
You visited 1 branch of the dungeon, and saw 1 of its levels.

Inventory:

Hand Weapons
 a - a +1 dagger (weapon)
Armour
 b - a +0 robe (worn)


   Skills:
 + Level 1.5 Short Blades
 + Level 2.5 Dodging
 + Level 4.1 Stealth
 + Level 2.2 Spellcasting
 + Level 3.0 Hexes


You had 3 spell levels left.
You knew the following spells:

 Your Spells              Type           Power      Damage    Failure   Level
a - Corona                Hex            12%        N/A       6%          1

Your spell library contained the following spells:

 Spells                   Type           Power      Damage    Failure   Level
 Ensorcelled Hibernation  Hex/Ice        12%        N/A       16%         2
 Confusing Touch          Hex            11%        N/A       17%         3
 Tukima's Dance           Hex            11%        N/A       17%         3
 Dazzling Flash           Conj/Hex       12%        N/A       32%         3


Dungeon Overview and Level Annotations

Branches:
Dungeon (1/15)

Altars:


Innate Abilities, Weirdness & Mutations

You are small and have problems with some larger weapons.
You are completely attuned to the shadows.


Message History

The jackal is severely wounded.
The jackal closely misses you. The bat misses you.
A jackal comes into view.
The bat hits you but does no damage. The jackal misses you.
The jackal bites you. The jackal misses you.
The bat misses you. x2; The jackal completely misses you.
A jackal comes into view.
The jackal bites you.
The jackal barely resists.
The jackal barks!
The jackal barely misses you.
You hit the jackal but do no damage. The jackal barely misses you.
You hit the jackal but do no damage. The jackal closely misses you.
The jackal misses you.
You closely miss the jackal. The jackal bites you.
You miss the jackal. The jackal barely misses you.
The jackal is outlined in light.
The jackal closely misses you. The jackal barely misses you.
You hit the jackal.
The jackal is moderately wounded.
The jackal bites you.
You are too injured to fight recklessly!
You are too injured to fight recklessly!
You barely miss the jackal.
The jackal is moderately wounded.
The jackal bites you.
* * * LOW HITPOINT WARNING * * *
There is an open door here.
The jackal closely misses you. The bat misses you.
The jackal closely misses you.
The jackal stops glowing.
The bat barely misses you. The bat hits you.
* * * LOW HITPOINT WARNING * * *
The jackal closely misses you. The bat barely misses you.
The jackal stops to sniff the ground.
The bat hits you but does no damage. The bat closely misses you.
The jackal misses you. The bat closely misses you. The jackal bites you.
You die...

##+## #..# #.# ##...## #.# #
#..#### #.###.....## #.#.# #
#.....###.##.......## #.#..
#######.##...##.#h........###h...
................@b........'..h...
#######.#....##.#hh.......###h...
## #.###......##.......## #....
.# #..#.†..######.....## ##.## ##
###.####### ##...## #.# # #...#
#.# ####.[## #....## .....#


You could see 3 jackals and a bat.

Vanquished Creatures
  A giant cockroach (D:1)
  A ball python (D:1)
  A frilled lizard (D:1)
  A rat (D:1)
4 creatures vanquished.

Notes
Turn   | Place    | Note
-------+----------+-------------------------------------------
     0 | D:1      | spiderkeys the Kobold Enchanter began the quest for the
                  | Orb.
     0 | D:1      | Reached XP level 1. HP: 10/10 MP: 3/3
   148 | D:1      | Slain by a jackal

Illustrated notes

Levels and vault maps discovered:
D:1:      elethiomel_arrival_infinity_welcomes_careful_drivers,
          layout_loops_corners

Action                   || total
-------------------------++-------
Melee: Dagger            ||    17
 Cast: Corona            ||     2
 Stab: Sleeping          ||     1
Armor: Robe              ||     4
Dodge: Dodged            ||    30

Table legend: (Time is in decaauts)
 A = Elapsed time spent in this place.
 B = Non-inter-level travel time spent in this place.
 C = Inter-level travel time spent in this place.
 D = Time resting spent in this place.
 E = Time spent auto-exploring this place.
 F = Levels seen in this place.
 G = Mean time per level.
                   A        B        C        D        E       F      G
               +--------+--------+--------+--------+--------+-----+--------+
         Total |    146 |    146 |      0 |      0 |     99 |   1 |  146.0 |
       Dungeon |    146 |    146 |      0 |      0 |     99 |   1 |  146.0 |
               +--------+--------+--------+--------+--------+-----+--------+

Top non-repeatable levels by time:
     D:1: 146 daAuts
